 Dungeon Crawl Stone Soup version 0.30-a0-632-g346586fe48 (webtiles) character file.

Game seed: 12296123556646877866

106466 HoaS the Marksgargoyle (level 16, -39/114 HPs)
             Began as a Gargoyle Hunter on Jan 13, 2023.
             Was an Initiate of Gozag.
             Killed from afar by Nikola (66 damage)
             ... with an arc of chain lightning
             ... on level 2 of the Lair of Beasts.
             The game lasted 00:59:29 (26291 turns).

HoaS the Marksgargoyle (Gargoyle Hunter)           Turns: 26291, Time: 00:59:30

Health: -39/114    AC: 28    Str: 16    XL:     16   Next: 44%
Magic:  16/16      EV: 32    Int: 14    God:    Gozag
Gold:   4114       SH:  0    Dex: 33    Spells: 15/15 levels left

rFire   . . .      SeeInvis +    O - +7 arbalest of Reinforcement {penet, Int+3 Stlth-}
rCold   . . .      Faith    .    (shield currently unavailable)
rNeg    + . .      Spirit   .    A - +4 steam dragon scales
rPois   ∞          Reflect  .    d - +1 helmet {SInv}
rElec   +          Harm     .    E - +0 cloak {rPois}
rCorr   .          Rampage  .    g - +2 pair of gloves {Stlth+}
Will    +....                    M - +0 pair of boots
Stlth   +++                      S - amulet of Makhleb's Hatred {Regen+ Dex+2}
HPRegen 1.19/turn                c - +6 ring of dexterity
MPRegen 0.15/turn                o - +6 ring of dexterity

@: gold aura, flying
A: sickness immunity, AC +12, big wings, negative energy resistance 1,
electricity resistance, torment resistance 1, petrification resistance
a: Renounce Religion, Potion Petition, Call Merchant, Bribe Branch


You were on level 2 of the Lair of Beasts.
You worshipped Gozag.
Gozag was most pleased with you.
You visited 6 branches of the dungeon, and saw 25 of its levels.
You also visited: Gauntlet and Ice Cave.

You collected 8347 gold pieces.
You spent 2868 gold pieces at shops.
You paid 1365 gold pieces to Gozag.

Inventory:

Hand Weapons
 G - a +3 longbow of flaming
 O - the +7 arbalest of Reinforcement (weapon) {penet, Int+3 Stlth-}
   (You found it on level 11 of the Dungeon)

   Int:       It affects your intelligence (+3).
   Stlth:     It makes you less stealthy.
Missiles
 B - 2 throwing nets
Armour
 d - a +1 helmet of see invisible (worn)
 g - a +2 pair of gloves of stealth (worn)
 A - +4 steam dragon scales (worn)
 E - a +0 cloak of poison resistance (worn)
 M - a +0 pair of boots (worn)
Jewellery
 c - a +6 ring of dexterity (left hand)
 o - a +6 ring of dexterity (right hand)
 q - a ring of protection from fire
 u - a ring of protection from cold
 z - a ring of ice
 L - the ring "Usubbot" {Fire Fly Stlth+}
   (You took it off a wizard on level 11 of the Dungeon)

   [ring of fire]

   It enhances your fire magic.
   rF:        It protects you from fire.
   rC:        It makes you vulnerable to cold.
   Fly:       It grants you flight.
   Stlth:     It makes you more stealthy.
 S - the amulet of Makhleb's Hatred (around neck) {Regen+ Dex+2}
   (You bought it in a shop on level 2 of the Orcish Mines)

   [amulet of regeneration]

   Dex:       It affects your dexterity (+2).
   Regen:     It increases your rate of health regeneration.
Wands
 p - a wand of digging (6)
 r - a wand of flame (29)
 x - a wand of light (19)
 F - a wand of mindburst (5)
 I - a wand of polymorph (14)
 J - a wand of iceblast (5)
 K - a wand of paralysis (10)
Scrolls
 a - 3 scrolls of blinking
 b - 6 scrolls of immolation
 h - 8 scrolls of noise
 t - 14 scrolls of teleportation
 v - 5 scrolls of poison
 w - 3 scrolls of fog
 y - 3 scrolls of fear
 H - 7 scrolls of identify
 P - 2 scrolls of brand weapon
 R - 2 scrolls of summoning
Potions
 e - 14 potions of curing
 i - 2 potions of cancellation
 j - 3 potions of attraction
 l - 5 potions of mutation
 m - 5 potions of haste
 n - 4 potions of lignification
 s - a potion of might
 C - 5 potions of invisibility
 D - 2 potions of ambrosia
Miscellaneous
 N - a phantom mirror


   Skills:
 + Level 17.9 Fighting
 - Level 18.0 Ranged Weapons
 * Level 16.0 Dodging
 - Level 1.1 Stealth


You had 15 spell levels left.
You didn't know any spells.
Your spell library contained the following spells:

 Spells                   Type           Power      Damage    Failure   Level
 Apportation              Tloc           0%         N/A       28%         1
 Necrotise                Necr           0%         1d4       28%         1
 Sandblast                Erth           0%         2d4       28%         1
 Summon Small Mammal      Summ           0%         N/A       28%         1
 Blink                    Tloc           0%         N/A       41%         2
 Ensorcelled Hibernation  Hex/Ice        0%         N/A       41%         2
 Momentum Strike          Conj/Tloc      0%         3d8       41%         2
 Passwall                 Tmut/Erth      0%         N/A       41%         2
 Poisonous Vapours        Pois/Air       0%         N/A       41%         2
 Gell's Gravitas          Tloc           0%         N/A       65%         3
 Hailstorm                Conj/Ice       0%         3d3       65%         3
 Ignite Poison            Fire/Tmut/Pois 0%         N/A       65%         3
 Kindle Blastsparks       Fire/Tloc/Air  0%         2d10      65%         3
 Lesser Beckoning         Tloc           0%         N/A       65%         3
 Mephitic Cloud           Conj/Pois/Air  0%         N/A       65%         3
 Ozocubu's Armour         Ice            0%         N/A       65%         3
 Stone Arrow              Conj/Erth      0%         3d7       65%         3
 Swiftness                Air            0%         N/A       65%         3
 Teleport Other           Tloc           0%         N/A       65%         3
 Airstrike                Air            0%         2d(0-16)  96%         4
 Anguish                  Hex/Necr       0%         N/A       96%         4
 Ice Form                 Ice/Tmut       0%         N/A       96%         4
 Summon Ice Beast         Ice/Summ       0%         N/A       96%         4
 Summon Lightning Spire   Summ/Air       0%         N/A       96%         4
 Freezing Cloud           Conj/Ice/Air   0%         6-21      100%        5
 Lightning Bolt           Conj/Air       0%         1d11      100%        5
 Metabolic Englaciation   Hex/Ice        0%         N/A       100%        5
 Summon Mana Viper        Hex/Summ       0%         N/A       100%        5
 Enfeeble                 Hex            0%         N/A       100%        7
 Monstrous Menagerie      Summ           0%         N/A       100%        7
 Cigotuvi's Dreadful Rot  Necr/Pois/Air  Unusable   N/A       N/A         2
 Simulacrum               Ice/Necr       Unusable   N/A       N/A         6

Dungeon Overview and Level Annotations

Branches:
Dungeon (15/15)            Temple (1/1) D:4            Lair (5/5) D:8
  Swamp (1/4) Lair:2        Snake (1/4) Lair:2        Slime (0/5) Lair:4
    Orc (2/2) D:10            Elf (0/3) Orc:2        Vaults (0/5) D:14
 Depths (0/4) D:15          IceCv (visited)         Gauntlet (visited)

Altars:
Ashenzari
Cheibriados
Dithmenos
Elyvilon
Fedhas
Gozag
Hepliaklqana
Kikubaaqudgha
Makhleb
Nemelex Xobeh
Okawaru
Qazlal
Ru
Sif Muna
Trog
Uskayaw
Vehumet
Wu Jian
Xom
Yredelemnul
Zin
The Shining One

Shops:
D:6 !   D:7 *[   D:8 =   Orc:1 [   Orc:2 ![?[=

Annotations:
Lair:2 Nikola


Innate Abilities, Weirdness & Mutations

You are immune to sickness and miasma.
Your stone body is resilient. (AC +12)
You are immune to poison.
Your large and strong wings let you fly.
You resist negative energy. (rN+)
You are resistant to electric shocks. (rElec)
You are resistant to unholy torment.
You are immune to petrification.


Message History

The splash of poison misses you.
Nikola gestures wildly while chanting.
Nikola blinks!
The shock serpent completely misses you.
You fly upwards.
Welcome back to the Lair of Beasts!
There is a staircase to the Snake Pit, spattered with blood here.
You shoot a bolt. The bolt completely misses Nikola.
Nikola completely misses you.
You shoot a bolt. The bolt pierces through Nikola!!!
Nikola is moderately wounded.
Nikola misses you.
You shoot a bolt. The bolt pierces through Nikola!!
Nikola is heavily wounded.
Nikola hits you with a +4 rapier of electrocution!
You shoot a bolt. The bolt pierces through Nikola.
Nikola is heavily wounded.
Nikola mumbles some strange words.
Lightning arcs from Nikola's hands!
The bolt of lightning hits you!!! You resist.
A bolt of lightning appears from out of thin air!
The bolt of lightning hits Nikola!
You shoot a bolt. The bolt pierces through Nikola.
Nikola is heavily wounded.
Nikola hits you but does no damage.
You shoot a bolt. The bolt pierces through Nikola!!!
Nikola is severely wounded.
Nikola gestures wildly while chanting.
Lightning arcs from Nikola's hands!
The bolt of lightning hits you! You resist.
* * * LOW HITPOINT WARNING * * *
A bolt of lightning appears from out of thin air!
The bolt of lightning hits Nikola.
You shoot a bolt. The bolt barely misses Nikola.
Nikola completely misses you.
You shoot a bolt. The bolt pierces through Nikola!!!
Nikola is almost dead.
Nikola gestures wildly while chanting.
Lightning arcs from Nikola's hands!
The bolt of lightning hits you!!! You resist.
Ouch! That really hurt!
You die...
Your body crumbles into a pile of gold.

.####..## #########♣♣♣♣♣♣ ##
........####.....#.....## #.
.........##..P.P.#.#....#########
........###..>.#..^..#...........
.............########.>.####..#P.
..........####.....###..# #[P#P.
.........###.).......##.## #####.
.........##...#...#...#).### #.
#.#'##P#......#[@@#...)..#.## ##.
###.####.##...#...#...#####.###.+
#...#.####.........##.#........
##.#+...P####.....###....+......
##.......## #########....#.......
#....<..## #P......##..##.......
##.......####........#.####......
#.........#..#..........# #......
#...................P...# ###..P+


You could see Nikola.

Vanquished Creatures
  Jorgrun (Orc:2)
  Agnes (Lair:2)
  A juggernaut skeleton (D:15)
  2 reapers (IceCv)
  Nessos (Lair:3)
  A minotaur (Gauntlet)
  A great orb of eyes (Gauntlet)
  4 caustic shrike simulacra (IceCv)
  Erolcha (Orc:1)
  9 hydras
  4 boulder beetles
  6 centaur warriors
  An anaconda (Lair:2)
  A catoblepas (Lair:5)
  2 ogre magi
  2 death knights
  10 two-headed ogres
  6 orc high priests (Orc:2)
  4 tengu warriors
  A vampire mage (D:15)
  Urug (D:13)
  Sonja (Orc:1)
  2 fire crabs
  Amaemon (Lair:3)
  A goliath frog (Swamp:1)
  2 skeletal warriors (D:15)
  A bog body (IceCv)
  7 orc knights
  2 obsidian statues (IceCv)
  4 wizards
  2 necromancers
  A mana viper (Lair:2)
  A shining eye (Gauntlet)
  5 deep elf pyromancers
  An orc sorcerer (Orc:2)
  8 ugly things
  2 manticores
  4 oklob plants (Lair:1)
  A cyclops (D:11)
  Maurice (D:8)
  4 black mambas
  An orange demon (Lair:3)
  18 cane toads
  3 rime drakes
  8 komodo dragons
  A spriggan zombie (D:15)
  2 efreet
  The ghost of DEFE the Poker, a novice DsWn of Okawaru (D:5)
  An anaconda simulacrum (IceCv)
  2 golden dragon simulacra (IceCv)
  5 kobold demonologists
  An ice devil (IceCv)
  3 tengu conjurers
  9 freezing wraiths
  A queen bee (shapeshifter) (D:14)
  8 trolls
  3 polar bears
  5 tyrant leeches
  21 blink frogs
  An ettin skeleton (D:15)
  9 slime creatures
  4 wyverns
  2 vampires
  A dire elephant simulacrum (IceCv)
  3 shadows
  2 wraiths
  A spriggan (shapeshifter) (D:13)
  2 fire bats (Gauntlet)
  31 yaks
  A golden eye (Gauntlet)
  2 basilisks
  A basilisk (shapeshifter) (D:15)
  A redback (shapeshifter) (D:13)
  6 vampire mosquitoes
  2 steam dragons (D:8)
  3 swamp worms
  A glowing shapeshifter zombie (D:15)
  A minotaur simulacrum (IceCv)
  3 wargs
  6 nagas (Lair:2)
  4 acid dragons
  12 water moccasins
  A hydra simulacrum (IceCv)
  A floating eye (Gauntlet)
  41 orc warriors
  A sky beast (D:8)
  4 black bears
  3 ettin simulacra (IceCv)
  An ice beast (shapeshifter) (D:11)
  An ice beast (D:7)
  An alligator simulacrum (IceCv)
  4 wolves (Lair:3)
  7 ogres
  14 centaurs
  4 kobold brigands
  21 bullfrogs
  6 gnoll sergeants
  2 scorpions (D:8)
  A deep troll simulacrum (IceCv)
  3 killer bees (D:9)
  2 electric eels
  2 vampire bats (D:14)
  2 howler monkeys
  A hound (D:4)
  5 jellies
  37 orc priests
  5 iguanas
  17 orc wizards
  28 gnolls
  10 adders
  5 white imps
  2 ufetubi
  A worm (D:5)
  5 dart slugs
  69 orcs
  7 ball pythons
  10 bats
  3 endoplasms
  3 giant cockroaches
  6 hobgoblins
  6 jackals (D:1)
  6 quokkas
  6 frilled lizards
  10 goblins
  16 kobolds
  8 rats
691 creatures vanquished.

Vanquished Creatures (others)
  An ogre mage (D:15)
  A naga ritualist (Snake:1)
  A jelly (D:4)
  An orc priest (Orc:2)
  41 fungi
  157 plants
  6 withered plants
208 creatures vanquished.

Grand Total: 899 creatures vanquished

Notes
Turn   | Place    | Note
-------+----------+-------------------------------------------
     0 | D:1      | HoaS the Gargoyle Hunter began the quest for the Orb.
     0 | D:1      | Reached XP level 1. HP: 12/12 MP: 1/1
   131 | D:1      | Reached XP level 2. HP: 17/17 MP: 2/2
   280 | D:1      | Reached XP level 3. HP: 21/21 MP: 3/3
   332 | D:1      | Reached skill level 5 in Ranged Weapons
  1215 | D:2      | Reached XP level 4. HP: 26/26 MP: 4/4
  1798 | D:3      | Reached skill level 6 in Ranged Weapons
  1933 | D:3      | Reached XP level 5. HP: 30/30 MP: 5/5
  1954 | D:3      | Found a hazy altar of Hepliaklqana.
  2158 | D:3      | Found an iron altar of Okawaru.
  2165 | D:3      | Found a basalt altar of Yredelemnul.
  2550 | D:4      | Found a staircase to the Ecumenical Temple.
  2557 | Temple   | Entered the Ecumenical Temple
  2687 | Temple   | Became a worshipper of Gozag Ym Sagoz the Greedy
  2748 | D:4      | Reached skill level 7 in Ranged Weapons
  2760 | D:4      | Reached XP level 6. HP: 33/35 MP: 6/6
  2851 | D:4      | Found an ancient bone altar of Kikubaaqudgha.
  3489 | D:5      | Entered Level 5 of the Dungeon
  3691 | D:5      | Noticed a water moccasin
  3727 | D:5      | Killed a water moccasin
  3728 | D:5      | Reached skill level 8 in Ranged Weapons
  3728 | D:5      | Reached XP level 7. HP: 16/40 MP: 7/7
  3940 | D:5      | Found a burning altar of Makhleb.
  4099 | D:5      | Reached skill level 9 in Ranged Weapons
  4155 | D:5      | Found a runed translucent door.
  4196 | D:5      | Noticed DEFE's ghost (novice DsWn)
  4225 | D:5      | Found a broken altar of Ashenzari.
  4308 | D:5      | Found a glowing golden altar of the Shining One.
  4562 | D:5      | Found a runed translucent door.
  4679 | D:6      | Noticed a two-headed ogre
  4732 | D:6      | Reached XP level 8. HP: 44/44 MP: 8/8
  4743 | D:6      | Reached skill level 10 in Ranged Weapons
  4811 | D:6      | Found Cuddurghi's Distillery.
  5629 | D:7      | Found Yahweh's Dragon-Slaying Spoils.
  5671 | D:7      | Noticed a wyvern
  5720 | D:7      | Found Ippeivip's Gadget Gallery.
  5882 | D:7      | Reached skill level 11 in Ranged Weapons
  6010 | D:7      | You fall into a shaft and drop 2 floors!
  6097 | D:9      | Noticed a troll
  6120 | D:10     | Entered Level 10 of the Dungeon
  6120 | D:10     | Noticed a troll
  6262 | D:10     | Noticed a shadow
  6264 | D:10     | Killed a shadow
  6265 | D:10     | Reached XP level 9. HP: 48/48 MP: 9/9
  6398 | D:9      | Reached skill level 12 in Ranged Weapons
  6711 | D:8      | Reached skill level 13 in Ranged Weapons
  7149 | D:7      | Identified a scroll of acquirement
  7149 | D:7      | Acquired 640 gold pieces
  7221 | D:8      | Noticed a kobold demonologist
  7221 | D:8      | Noticed a kobold demonologist
  7225 | D:8      | Killed a kobold demonologist
  7229 | D:8      | Noticed a red devil
  7233 | D:8      | Killed a kobold demonologist
  7234 | D:8      | Reached skill level 14 in Ranged Weapons
  7234 | D:8      | Reached XP level 10. HP: 24/53 MP: 10/10
  7303 | D:8      | Noticed Maurice
  7333 | D:8      | Killed Maurice
  7484 | D:8      | Found Zocalir's Jewellery Shoppe.
  7607 | D:7      | Bought +2 steam dragon scales for 728 gold pieces
  7944 | D:8      | Bought a +6 ring of dexterity for 504 gold pieces
  7981 | D:8      | Reached skill level 15 in Ranged Weapons
  8093 | D:8      | Found a staircase to the Lair.
  8800 | D:9      | Found a white marble altar of Elyvilon.
  8801 | D:9      | Found a bloodstained altar of Trog.
  9178 | Lair:1   | Entered Level 1 of the Lair of Beasts
  9180 | Lair:1   | Noticed a black mamba
  9188 | D:8      | Killed a black mamba
  9296 | Lair:1   | Acquired a manual of Fighting
  9322 | Lair:1   | Reached skill level 16 in Ranged Weapons
  9525 | Lair:1   | Noticed an oklob plant
  9531 | Lair:1   | Killed an oklob plant
  9532 | Lair:1   | Reached XP level 11. HP: 62/62 MP: 11/11
  9542 | Lair:1   | Noticed an oklob plant
  9746 | Lair:1   | Killed an oklob plant
  9747 | Lair:1   | Reached skill level 5 in Fighting
  9843 | Lair:1   | Noticed an oklob plant
 10153 | Lair:1   | Killed an oklob plant
 10194 | Lair:1   | Noticed an oklob plant
 10200 | Lair:1   | Killed an oklob plant
 10415 | Lair:1   | Reached skill level 5 in Dodging
 10905 | Lair:2   | Noticed a boulder beetle
 10926 | Lair:2   | Killed a boulder beetle
 11148 | Lair:2   | Noticed an eight-headed hydra
 11149 | Lair:2   | Noticed a seven-headed hydra
 11181 | Lair:2   | Killed a seven-headed hydra
 11361 | Lair:2   | Found a staircase to the Snake Pit.
 11556 | Lair:2   | Found a staircase to the Swamp.
 12006 | D:6      | Killed a two-headed ogre
 12007 | D:6      | Reached skill level 10 in Fighting
 12007 | D:6      | Reached XP level 12. HP: 77/77 MP: 12/12
 12069 | D:5      | Killed DEFE's ghost
 12798 | Lair:3   | Noticed a five-headed hydra
 12816 | Lair:3   | Killed a five-headed hydra
 12911 | Lair:3   | Noticed Amaemon
 13419 | Lair:4   | Noticed a six-headed hydra
 13427 | Lair:4   | Killed a six-headed hydra
 13502 | Lair:4   | Found a staircase to the Slime Pits.
 13596 | Lair:4   | Reached skill level 10 in Dodging
 13657 | Lair:4   | Noticed a four-headed hydra
 13663 | Lair:4   | Killed a four-headed hydra
 13664 | Lair:4   | Reached XP level 13. HP: 88/88 MP: 13/13
 14149 | Lair:5   | Entered Level 5 of the Lair of Beasts
 15507 | Lair:5   | Reached skill level 15 in Fighting
 16487 | Lair:3   | Killed Amaemon
 16785 | Lair:3   | Noticed Nessos
 16792 | Lair:3   | Killed Nessos
 17229 | D:10     | Found a shadowy altar of Dithmenos.
 17293 | D:10     | Found a radiant altar of Vehumet.
 17576 | D:10     | Found a staircase to the Orcish Mines.
 18153 | D:11     | Gained mutation: Your large and strong wings let you fly.
                  | [Gargoyle growth]
 18153 | D:11     | Reached XP level 14. HP: 98/98 MP: 14/14
 18189 | D:11     | Reached skill level 17 in Ranged Weapons
 18190 | D:11     | Identified the ring "Usubbot" {Fire Fly Stlth+}
 18267 | D:11     | Identified the +9 flail of Anxiety {drain, +Blink rElec
                  | MP+9 Dex+4}
 18477 | D:11     | Identified the +7 arbalest of Reinforcement {penet, Int+3
                  | Stlth-}
 19080 | D:12     | Found a gate leading to a gauntlet.
 19095 | Gauntlet | Entered a Gauntlet
 19095 | Gauntlet | Found a transporter.
 19102 | Gauntlet | Found a transporter.
 19104 | Gauntlet | Found a transporter.
 19118 | Gauntlet | Found a transporter.
 19124 | Gauntlet | Found a runed translucent gate.
 19124 | Gauntlet | Found a runed translucent gate.
 19124 | Gauntlet | Found a runed translucent gate.
 19126 | Gauntlet | Found a transporter.
 19147 | Gauntlet | Found a transporter.
 19158 | Gauntlet | Found a transporter.
 19159 | Gauntlet | Found the +7 mace of Variability {chaos, chain chaos}
 19170 | Gauntlet | Found a transporter.
 19192 | Gauntlet | Found a transporter.
 19204 | Gauntlet | Found a transporter.
 19204 | Gauntlet | Found a transporter.
 19253 | Gauntlet | Found a transporter.
 19261 | Gauntlet | Found a runed translucent door.
 19265 | Gauntlet | Found a runed translucent door.
 19267 | Gauntlet | Found a transporter.
 19269 | Gauntlet | Found a transporter.
 19359 | Gauntlet | Reached skill level 18 in Ranged Weapons
 19639 | Gauntlet | Identified the +8 glaive "Ylaiph" {freeze, rElec Will++}
 19639 | Gauntlet | Identified the +0 ring mail of the Buccaneer {Rampage Drain
                  | rElec rN+++}
 20367 | Orc:1    | Entered Level 1 of the Orcish Mines
 20577 | Orc:1    | Noticed Erolcha
 20585 | Orc:1    | Killed Erolcha
 20733 | Orc:2    | Entered Level 2 of the Orcish Mines
 21002 | Orc:2    | Found Rujiam's Distillery.
 21015 | Orc:2    | Bought a potion of curing for 36 gold pieces
 21015 | Orc:2    | Bought 2 potions of curing for 72 gold pieces
 22115 | Orc:2    | Reached XP level 15. HP: 91/104 MP: 15/15
 22453 | Orc:2    | Found Hamai's Antique Armour Shop.
 22456 | Orc:2    | Found Contorr's Armour Shop.
 22457 | Orc:2    | Found Koegitee's Jewellery Shop.
 22458 | Orc:2    | Found Noxis's Magic Scroll Boutique.
 22461 | Orc:2    | Bought the amulet of Makhleb's Hatred {Regen+ Dex+2} for
                  | 535 gold pieces
 22472 | Orc:2    | Bought a +6 ring of dexterity for 468 gold pieces
 22478 | Orc:2    | Bought a scroll of teleportation for 45 gold pieces
 22478 | Orc:2    | Bought a scroll of teleportation for 45 gold pieces
 22478 | Orc:2    | Bought a scroll of teleportation for 45 gold pieces
 22479 | Orc:2    | Bought a pair of embroidered boots for 195 gold pieces
 22480 | Orc:2    | Bought a glowing helmet for 195 gold pieces
 22578 | Orc:2    | Found a staircase to the Elven Halls.
 22663 | Orc:1    | Noticed Jorgrun
 22677 | Orc:2    | Killed Jorgrun
 22800 | Orc:1    | Noticed Sonja
 22804 | Orc:1    | Killed Sonja
 22808 | Orc:1    | Found Ovuogan's Armour Shoppe.
 23389 | D:13     | Noticed Urug
 23393 | D:13     | Killed Urug
 23983 | D:14     | Found a gate to the Vaults.
 24093 | D:14     | Found a frozen archway.
 24102 | IceCv    | Entered an ice cave
 24490 | IceCv    | Identified the ring of Yesterday {rPois rC+ rN+ Str-4 SInv}
 24587 | IceCv    | Reached skill level 15 in Dodging
 24951 | D:15     | Entered Level 15 of the Dungeon
 25002 | D:14     | Reached XP level 16. HP: 112/112 MP: 16/16
 25014 | D:15     | Paralysed by an ogre mage for 5 turns
 25208 | D:15     | Found a staircase to the Depths.
 25908 | Snake:1  | Entered Level 1 of the Snake Pit
 25908 | Snake:1  | Noticed Nikola
 25908 | Snake:1  | Noticed Agnes
 26003 | Swamp:1  | Entered Level 1 of the Swamp
 26194 | Lair:2   | Killed Agnes
 26291 | Lair:2   | Killed from afar by Nikola

Illustrated notes

Levels and vault maps discovered:
D:1:      dpeg_arrival_three_smaller_balls, layout_loops_ring
D:2:      layout_basic, minmay_misc_feat_ornament, minmay_misc_feat_rugged
D:3:      layout_basic, lemuel_coloured_pillars_altar,
          amethyst_overflow_temple_binary
D:4:      layout_basic, kiku_gazebo_garden_becter,
          minmay_temple_entry_statues_fountains,
          hangedman_abyss_or_decor_jellyfish_corner, dreamdust_gnoll_farm
D:5:      layout_loops_ring, nicolae_ashenzari_skybound,
          mainiacjoe_overflow_six_doors_small, mainiacjoe_overflow_chevrons,
          ebering_ghost_sewer_f
D:6:      layout_cave_pods, grunt_ministairs_2, kennysheep_windowed_goal
D:7:      layout_basic, nicolae_shop_dragon_depot, nicolae_shop_gadgets
D:8:      layout_basic, grunt_lair_entry_orc_guard_hut, serial_shops,
          kennysheep_mini_moat, enter_bailey_4, uniq_maurice
D:9:      layout_basic, chequers_temple_overflow_statue_of_worship
D:10:     layout_basic, mainiacjoe_overflow_tiny_flanked,
          nicolae_dithmenos_through_a_glass_darkly, orc_0_dummy
D:11:     minmay_the_grid_square_5x5_3x3 [minmay_the_grid_square_5x5_shuriken,
          minmay_the_grid_square_5x5_bite, minmay_the_grid_square_5x5_percent,
          minmay_the_grid_square_5x5_tetrominoes,
          minmay_the_grid_square_5x5_megaprize_open,
          minmay_the_grid_square_5x5_hourglass,
          minmay_the_grid_square_5x5_spiral, minmay_the_grid_square_5x5_corner,
          minmay_the_grid_square_5x5_inverted_slash], layout_stronghold
D:12:     layout_long_grid, gauntlet_entry_generic, billiards_dpeg
D:13:     layout_basic, minivault_28, uniq_urug
D:14:     layout_big_octagon, david_vaults_1, portal_ice_cave_entry_pillars_1,
          minmay_misc_feat_rows, roderic_batcave
D:15:     gammafunk_depths_entry_grave, layout_loops_ring, hex_tiny
Temple:   chequers_temple_sunken
Lair:1:   minmay_lair_oklob_tunnel, layout_chaotic_city, serial_bayou_lake_a,
          grunt_megastairs_3
Lair:2:   layout_roguey, palyth_hydra_swamp_entry,
          minmay_snake_entry_guardpost_medium
Lair:3:   layout_hall_layers, uniq_amaemon, uniq_nessos
Lair:4:   layout_cellular_growth, nicolae_slime_entry_field_trip
Lair:5:   minmay_lair_end_frog_pond, layout_small_grid, minivault_23,
          st_stairs_12, infiniplex_staircase_pool_2
Swamp:1:  layout_basic_swamp, nicolae_swamp_some_circles, swamp_pool5
Snake:1:  layout_onion_interference, nicolae_snake_salamander_jacuzzi,
          uniq_nikola, uniq_aizul, uniq_mlioglotl, uniq_rupert, uniq_agnes
Orc:1:    layout_diamond_mine, serial_shops, shop, uniq_erolcha, uniq_jorgrun,
          uniq_sonja
Orc:2:    st_orc_pillars, layout_diamond_mine, serial_shops,
          nicolae_shop_hallway_stairs

Skill      XL: |  1  2  3  4  5  6  7  8  9 10 11 12 13 14 15 16 |
---------------+-------------------------------------------------+-----
Ranged Weapons | 5 6 7 8 9 11 14 16 18 | 18.0
Dodging        | 3 7 10 12 13 15 16 | 16.0
Fighting       | 4 10 13 15 16 17 | 17.9
Stealth        | |  1.1

Action                   |  1- 3 |  4- 6 |  7- 9 | 10-12 | 13-15 | 16-18 || total
-------------------------+-------+-------+-------+-------+-------+-------++-------
 Fire: Shortbow          |   125 |   196 |   228 |   551 |   250 |       ||  1350
       Arbalest          |       |       |       |       |   847 |   153 ||  1000
Invok: Potion Petition   |       |       |       |       |     3 |       ||     3
  Use: Scroll            |     3 |     7 |    10 |     9 |     6 |       ||    35
       Potion            |       |       |       |     1 |     2 |       ||     3
Armor: Leather armour    |    20 |    54 |    79 |    11 |       |       ||   164
       Steam dragon scal |       |       |       |    61 |   195 |    34 ||   290
Dodge: Dodged            |    25 |    62 |   109 |   110 |   732 |   131 ||  1169

Table legend: (Time is in decaauts)
 A = Elapsed time spent in this place.
 B = Non-inter-level travel time spent in this place.
 C = Inter-level travel time spent in this place.
 D = Time resting spent in this place.
 E = Time spent auto-exploring this place.
 F = Levels seen in this place.
 G = Mean time per level.
                   A        B        C        D        E       F      G
               +--------+--------+--------+--------+--------+-----+--------+
         Total |  26574 |  24613 |   1961 |   5222 |  14656 |  27 |  984.2 |
       Dungeon |  14690 |  13268 |   1422 |   1647 |   9165 |  15 |  979.3 |
        Temple |    187 |    160 |     27 |      0 |    153 |   1 |  187.0 |
          Lair |   7916 |   7471 |    445 |   2219 |   3924 |   5 | 1583.2 |
         Swamp |    108 |    108 |      0 |    100 |      0 |   1 |  108.0 |
     Snake Pit |     14 |     14 |      0 |      0 |      0 |   1 |   14.0 |
  Orcish Mines |   2489 |   2425 |     64 |    938 |    950 |   2 | 1244.5 |
      Ice Cave |    558 |    558 |      0 |     99 |    233 |   1 |  558.0 |
      Gauntlet |    608 |    608 |      0 |    218 |    230 |   1 |  608.0 |
               +--------+--------+--------+--------+--------+-----+--------+

Top non-repeatable levels by time:
  Lair:4: 2140 daAuts
   Orc:2: 2017 daAuts
  Lair:1: 1656 daAuts
     D:8: 1451 daAuts
  Lair:2: 1438 daAuts
  Lair:3: 1341 daAuts
  Lair:5: 1340 daAuts
     D:5: 1313 daAuts
     D:6: 1180 daAuts
    D:10: 1153 daAuts
    D:11: 1148 daAuts
     D:4: 1047 daAuts
     D:7: 1020 daAuts
     D:9: 1013 daAuts
    D:13: 972 daAuts
